 Dungeon Crawl Stone Soup version 0.18.1-50-g88ac8fd (webtiles) character file.

1 Amnesiac the Charlatan (level 1, -4/9 HPs)
             Began as a Vine Stalker Artificer on July 6, 2018.
             Slain by a gnoll
             ... wielding a +0 halberd
              (6 damage)
             ... on level 2 of the Dungeon.
             The game lasted 00:00:53 (105 turns).

Amnesiac the Charlatan (Vine Stalker Artificer)      Turns: 105, Time: 00:00:53

Health: -4/9       AC:  3    Str: 13    XL:     1   Next: 20%
Magic:  0/3        EV: 11    Int: 12    God:
Gold:   15         SH:  0    Dex: 14    Spells: 0 memorised, 0 levels left

rFire  . . .     SeeInvis .     a - +0 short sword
rCold  . . .     Gourm    .     b - +0 leather armour
rNeg   . . .     Faith    .     (no shield)
rPois  .         Spirit   +     (no helmet)
rElec  .         Dismiss  .     (no cloak)
rCorr  .         Reflect  .     (no gloves)
SustAt .         Harm     .     (no boots)
MR     .....                    (no amulet)
Stlth  ++........               (no ring)
                                (no ring)

@: not resistant to hostile enchantments, unstealthy
A: fangs 2, regeneration 1, magic shield, antimagic bite, no device heal 3, rot
immunity
a: no special abilities


You were on level 2 of the Dungeon.
You were not hungry.

You visited 1 branch of the dungeon, and saw 2 of its levels.

You collected 15 gold pieces.

Inventory:

Hand Weapons
 a - a +0 short sword (weapon)
 h - a +0 dagger
Armour
 b - a +0 leather armour (worn)
Wands
 c - a wand of flame (15/48)
 d - a wand of enslavement (15/24)
 e - a wand of random effects (15/48)
Potions
 g - a potion of flight {!q, unknown}
Comestibles
 f - 2 bread rations


   Skills:
 - Level 0.8 Fighting
 - Level 0.8 Short Blades
 - Level 1.5 Dodging
 - Level 1.2 Stealth
 + Level 2.8 Evocations


You couldn't memorise any spells.
You didn't know any spells.

Dungeon Overview and Level Annotations

Branches:
Dungeon (2/15)

Altars:


Innate Abilities, Weirdness & Mutations

You have extremely sharp teeth.
Your natural rate of healing is unusually fast.
When hurt, damage is shared between your health and your magic reserves.
Your bite disrupts and absorbs the magic of your enemies.
Potions and wands cannot restore your health.
You are immune to rotting.


Message History

It is said that the Orb of Zot exists deep within this dungeon, but nobody has ever found it.
Press ? for a list of commands and other information.
Found a ring mail.
Found a staircase leading out of the dungeon.
You open the door.
Found 12 stones.
There is an open door here.
You open the door.
There is an open door here.
g - a fizzy silvery potion {!q}
Found an escape hatch in the floor.
Found a dagger.
There is an escape hatch in the floor here.
You see here a dagger.
h - a dagger
There is an escape hatch in the floor here.
You slide downwards.
The hatch slams shut behind you.
A rat comes into view.
A rat is nearby!
The helpless rat fails to defend itself.
You hit the rat.
You kill the rat!
Found 15 gold pieces.
Found a stone staircase leading up.
You now have 15 gold pieces.
There is a stone staircase leading up here.
You can't go down here!
You climb upwards.
Found a bread ration.
There is a stone staircase leading down here.
You can't go up here!
A rat comes into view.
A rat is nearby!
You see here a bread ration.
The rat barely misses you.
You hit the rat but do no damage. The rat closely misses you.
You hit the rat.
You kill the rat!
No target in view!
f - 2 bread rations (gained 1)
There is a stone staircase leading down here.
You climb downwards.
There is a stone staircase leading up here.
No target in view!
A gnoll comes into view. It is wielding a spear.
The gnoll moves out of view.
No target in view! 4 jackals and 2 gnolls come into view.
The gnoll shouts!
The jackal moves out of view. x3
Found 3 gold pieces.
A gnoll comes into view.
The jackal barks!
Found a scroll labeled ANTOOQ AVIMU.
There are monsters nearby!
The gnoll shouts!
The gnoll hits you with a spear!
Ouch! That really hurt!
* * * LOW HITPOINT WARNING * * *
The jackal barks!
The jackal bites you.
* * * LOW HITPOINT WARNING * * *
The gnoll hits you from afar with a halberd!
Ouch! That really hurt!
You die...

+#+#### .......
....g.. ...h.h.
..hg... ##gg..#
#.h.?.# #@#...#
#.# ..# #.#
#######.##
#.###.......##
###.....#########
#<....### #..
#####.# #.#
.#####.### #.#
#.........# #.#


You could see 4 gnolls and 4 jackals.

Vanquished Creatures
  2 rats
2 creatures vanquished.

Notes
Turn   | Place    | Note
--------------------------------------------------------------
     0 | D:1      | Amnesiac the Vine Stalker Artificer began the quest for the Orb.
     0 | D:1      | Reached XP level 1. HP: 9/9 MP: 3/3
   105 | D:2      | Slain by a gnoll

Action                   || total
-------------------------++-------
Melee: Short sword       ||     3
 Stab: Sleeping          ||     1
Dodge: Dodged            ||     2
